[Event "ICC Open 2015"]
[Site "Internet Chess Club"]
[Date "2015.05.29"]
[Round "4"]
[White "Hareaum"]
[Black "IlValentino"]
[Result "1-0"]
[ICCResult "Black resigns"]
[WhiteElo "1795"]
[BlackElo "1417"]
[Opening "French defense"]
[ECO "C00"]
[NIC "FR.01"]
[Time "14:39:58"]
[TimeControl "180+0"]

1. e4 e6 2. Nf3 d5 3. exd5 exd5 4. Be2 h6 5. O-O Nf6 6. d4 Be7 7. c4 O-O 8.
Nc3 dxc4 9. Bxc4 Re8 10. Be3 Bf8 11. h3 Be6 12. Bd3 c6 13. Bc2 Nbd7 14. Qd3
Qc8 15. Rae1 Nb6 16. Nd2 Bxh3 17. Bxh6 Bxg2 18. Bg5 Bxf1 19. Rxf1 Qg4+ 20.
Qg3 Qxg3+ 21. fxg3 Nh7 22. Bf4 f6 23. Nf3 Rad8 24. Bb3+ Kh8 25. Rd1 Bb4 26.
Kf2 Bxc3 27. bxc3 Nd5 28. c4 Nxf4 29. gxf4 Nf8 30. d5 cxd5 31. cxd5 Rd6 32.
Nh4 g5 33. Nf5 Rdd8 34. d6 gxf4 35. Kf3 Nh7 36. Rh1 Rd7 37. Kxf4 Rf7 38.
Bxf7 Re4+ 39. Kxe4 {Black resigns} 1-0

[Event "ICC Open 2015"]
[Site "Internet Chess Club"]
[Date "2015.05.29"]
[Round "4"]
[White "MrsPiggy"]
[Black "KingGambits"]
[Result "0-1"]
[ICCResult "White forfeits on time"]
[WhiteElo "1405"]
[BlackElo "1644"]
[Opening "Queen's pawn game"]
[ECO "B13"]
[NIC "QP.07"]
[Time "14:40:56"]
[TimeControl "180+0"]

1. d4 Nf6 2. e3 c5 3. c4 cxd4 4. exd4 d5 5. Nf3 dxc4 6. Bxc4 Bg4 7. O-O e6
8. Nbd2 Be7 9. b3 O-O 10. Bb2 Nc6 11. h3 Bxf3 12. Nxf3 Qb6 13. Re1 Rfd8 14.
Qc2 Rac8 15. Rad1 Nb4 16. Qb1 Nbd5 17. a3 a6 18. Ne5 Qc7 19. a4 Nb6 20. Be2
Nbd5 21. Bf3 Qb6 22. Qa2 Qb4 23. Rc1 Nc3 24. Bxc3 Rxc3 25. Rxc3 Qxc3 26.
Bxb7 Rb8 27. Bxa6 Qxe1+ 28. Kh2 Qc3 29. Bc4 Qxd4 30. Nc6 Qd6+ 31. Kh1 Qxc6
32. Bb5 Qc5 33. Qb2 Rxb5 {White forfeits on time} 0-1

[Event "ICC Open 2015"]
[Site "Internet Chess Club"]
[Date "2015.05.29"]
[Round "4"]
[White "Doondoon"]
[Black "anu1217"]
[Result "1-0"]
[ICCResult "Black resigns"]
[WhiteElo "1709"]
[BlackElo "1873"]
[Opening "QGD"]
[ECO "D52"]
[NIC "SL.01"]
[Time "14:41:27"]
[TimeControl "180+0"]

1. d4 d5 2. c4 c6 3. Nc3 Nf6 4. Bg5 Nbd7 5. e3 e6 6. Nf3 Bd6 7. Bd3 h6 8.
Bh4 O-O 9. O-O Re8 10. Rc1 g5 11. Bg3 e5 12. dxe5 Nxe5 13. Nxe5 Bxe5 14.
Bxe5 Rxe5 15. Qf3 Bg4 16. Qg3 Re8 17. cxd5 cxd5 18. h3 Be6 19. Rfd1 a6 20.
Ne2 Qb6 21. Rd2 Rac8 22. Rdc2 Rxc2 23. Rxc2 Rc8 24. Rxc8+ Bxc8 25. Qe5 Qe6
26. Qc7 Qd7 27. Qc5 Qc6 28. Qd4 Nd7 29. Bf5 Nc5 30. Bxc8 Qxc8 31. Qxd5 Ne6
32. Nc3 b5 33. a3 Qc7 34. Qf5 Kg7 35. Ne4 Qc1+ 36. Kh2 Qxb2 37. Nd6 Qf6 38.
Ne8+ {Black resigns} 1-0

[Event "ICC Open 2015"]
[Site "Internet Chess Club"]
[Date "2015.05.29"]
[Round "5"]
[White "Berke"]
[Black "born2die"]
[Result "1-0"]
[ICCResult "Black resigns"]
[WhiteElo "1466"]
[BlackElo "1703"]
[Opening "Pirc: Ufimtsev-Pytel variation"]
[ECO "B07"]
[NIC "AL.10"]
[Time "14:47:42"]
[TimeControl "180+0"]

1. e4 Nf6 2. Nc3 d6 3. d4 c6 4. Nf3 h6 5. Be3 Nbd7 6. Qd2 e5 7. d5 cxd5 8.
Nxd5 Nxd5 9. Qxd5 Nf6 10. Qc4 Be6 11. Qa4+ Qd7 12. Bb5 Nxe4 13. Bxd7+
{Black resigns}
1-0

[Event "ICC Open 2015"]
[Site "Internet Chess Club"]
[Date "2015.05.29"]
[Round "5"]
[White "PADILLON2189"]
[Black "escorpionx"]
[Result "1-0"]
[ICCResult "Black resigns"]
[WhiteElo "1990"]
[BlackElo "1499"]
[Opening "QGD: Chigorin defense"]
[ECO "D07"]
[NIC "QP.08"]
[Time "14:47:32"]
[TimeControl "180+0"]

1. d4 d5 2. c4 Nc6 3. Nf3 Bg4 4. Nc3 Nf6 5. Bg5 e6 6. e3 Be7 7. cxd5 Nxd5 8.
Bxe7 Ncxe7 9. Be2 c6 10. O-O O-O 11. a3 Ng6 12. Rc1 Qe7 13. Ne4 f5 14. Nc5
Rac8 15. b4 b6 16. Nd3 Nf6 17. Nfe5 Bxe2 18. Qxe2 Qd6 19. Nxg6 hxg6 20. Rfd1
Ne4 21. Ne5 g5 22. Qc2 f4 23. Qxe4 {Black resigns} 1-0

[Event "ICC Open 2015"]
[Site "Internet Chess Club"]
[Date "2015.05.29"]
[Round "5"]
[White "jefferyx"]
[Black "Platyborg"]
[Result "0-1"]
[ICCResult "White resigns"]
[WhiteElo "2922"]
[BlackElo "3111"]
[Opening "Polish (Sokolsky) opening"]
[ECO "A00"]
[NIC "VO.10"]
[Time "14:47:40"]
[TimeControl "180+0"]

1. b4 Nf6 2. Bb2 g6 3. g4 Bg7 4. g5 Nh5 5. Bxg7 Nxg7 6. Nc3 d5 7. Bg2 c6 8.
a4 e5 9. Ra3 Qxg5 10. Bf1 Qe7 11. Rb3 f5 12. h4 d4 13. Nb1 Be6 14. Rb2 Nd7
15. Na3 Nf6 16. Qa1 Ngh5 17. Nf3 Bd5 18. Rh3 Nf4 19. Rg3 N6h5 20. Ng5 h6 21.
Rg1 hxg5 22. hxg5 Ng7 23. b5 c5 24. e3 Nh3 25. Bxh3 Rxh3 26. b6 a6 27. c4
Bc6 {White resigns} 0-1

[Event "ICC Open 2015"]
[Site "Internet Chess Club"]
[Date "2015.05.29"]
[Round "5"]
[White "gauss"]
[Black "MBAStudent"]
[Result "0-1"]
[ICCResult "White resigns"]
[WhiteElo "2064"]
[BlackElo "1771"]
[Opening "Benkö gambit: 7.e4"]
[ECO "A59"]
[NIC "BI.45"]
[Time "14:47:38"]
[TimeControl "180+0"]

1. d4 Nf6 2. c4 c5 3. d5 b5 4. cxb5 a6 5. bxa6 Bxa6 6. Nc3 d6 7. e4 g6 8.
Bxa6 Nxa6 9. Nge2 Bg7 10. O-O O-O 11. a4 Qb6 12. Re1 Rfb8 13. Ra3 Nb4 14.
Nb5 Ne8 15. Nec3 Nc7 16. Nxc7 Qxc7 17. Nb5 Qa5 18. Bg5 Rb7 19. Qb3 Nc2 20.
Rea1 Nxa3 21. Rxa3 {White resigns} 0-1

[Event "ICC Open 2015"]
[Site "Internet Chess Club"]
[Date "2015.05.29"]
[Round "5"]
[White "chesstempo2"]
[Black "klodshans"]
[Result "1-0"]
[ICCResult "Black resigns"]
[WhiteElo "2030"]
[BlackElo "1556"]
[Opening "Queen's Pawn"]
[ECO "A41"]
[NIC "QO.17"]
[Time "14:47:11"]
[TimeControl "180+0"]

1. d4 d6 2. Nf3 g6 3. e3 Bg7 4. c4 Nc6 5. Nc3 e5 6. d5 Nce7 7. Bd3 f5 8. e4
Nf6 9. Bg5 O-O 10. Qc2 f4 11. h4 a5 12. Nd2 h6 13. Bxf6 Bxf6 14. f3 Kh8 15.
O-O-O Rg8 16. Kb1 g5 17. hxg5 Bxg5 18. Rh2 Ng6 19. Rdh1 Kg7 20. Nf1 Rh8 21.
g3 fxg3 22. Nxg3 Bf4 23. Nh5+ Kg8 24. Rg2 Kh7 25. Rhg1 Rg8 26. Nxf4 exf4 27.
Ne2 Bh3 28. Rh2 Qd7 29. Rgh1 {Black resigns} 1-0

[Event "ICC Open 2015"]
[Site "Internet Chess Club"]
[Date "2015.05.29"]
[Round "5"]
[White "IlValentino"]
[Black "Nemesis23"]
[Result "0-1"]
[ICCResult "White resigns"]
[WhiteElo "1412"]
[BlackElo "1731"]
[Opening "QGD Slav: 4.e3"]
[ECO "D11"]
[NIC "SL.01"]
[Time "14:47:35"]
[TimeControl "180+0"]

1. d4 d5 2. c4 c6 3. Nf3 Nf6 4. e3 g6 5. Bd3 Bg7 6. O-O O-O 7. b3 Bg4 8. Be2
Nbd7 9. Qc2 Ne4 10. Nbd2 e5 11. Nxe4 dxe4 12. Ne1 Bxe2 13. Qxe2 exd4 14.
exd4 Bxd4 15. Qxe4 Bxa1 16. Bh6 Bg7 17. Qe3 Bxh6 18. Qxh6 Qf6 19. Nf3 Rad8
20. Ng5 Qg7 21. Qh3 Nf6 22. g3 Rd2 23. Qg4 Nxg4 {White resigns} 0-1

[Event "ICC Open 2015"]
[Site "Internet Chess Club"]
[Date "2015.05.29"]
[Round "5"]
[White "FavoritePawn"]
[Black "BlueGreen"]
[Result "0-1"]
[ICCResult "White checkmated"]
[WhiteElo "1211"]
[BlackElo "2683"]
[Opening "Two knights defense"]
[ECO "C58"]
[NIC "KP.01"]
[Time "14:48:00"]
[TimeControl "180+0"]

1. e4 e5 2. Nf3 Nc6 3. Bc4 Nf6 4. Ng5 d5 5. exd5 Na5 6. Bb5+ c6 7. dxc6 bxc6
8. Bd3 Nd5 9. Nf3 Bd6 10. Qe2 Nf4 11. Qe4 f5 12. Qa4 e4 13. Bb5 cxb5 14.
Qxb5+ Bd7 15. Qa6 exf3 16. gxf3 O-O 17. Qxd6 Qe8+ 18. Kf1 Qe2+ 19. Kg1 Qe1#
{White checkmated}
0-1

[Event "ICC Open 2015"]
[Site "Internet Chess Club"]
[Date "2015.05.29"]
[Round "5"]
[White "Steingrim89"]
[Black "chesswooog"]
[Result "0-1"]
[ICCResult "White resigns"]
[WhiteElo "1626"]
[BlackElo "2110"]
[Opening "Queen's pawn game"]
[ECO "A46"]
[NIC "QP.05"]
[Time "14:47:19"]
[TimeControl "180+0"]

1. d4 Nf6 2. Nf3 e6 3. Bf4 d5 4. e3 Bd6 5. Ne5 O-O 6. Nd2 c5 7. c3 Nc6 8.
Ndf3 Qc7 9. Nxc6 Bxf4 10. exf4 bxc6 11. g3 cxd4 12. cxd4 Rb8 13. b3 Ne4 14.
Nd2 Qa5 15. Qc2 Bd7 16. Bg2 Nc3 17. O-O Ne2+ 18. Kh1 Nxd4 19. Qd3 c5 20. Nf3
Bb5 21. Qd2 Qxd2 22. Nxd2 Bxf1 23. Rxf1 Rfc8 24. Rc1 c4 25. bxc4 dxc4 26.
Rxc4 Rxc4 27. Nxc4 Rb1+ {White resigns} 0-1

[Event "ICC Open 2015"]
[Site "Internet Chess Club"]
[Date "2015.05.29"]
[Round "5"]
[White "Zablotsky"]
[Black "BORIS-51"]
[Result "1-0"]
[ICCResult "Black resigns"]
[WhiteElo "2811"]
[BlackElo "2050"]
[Opening "Réti opening"]
[ECO "A04"]
[NIC "QP.11"]
[Time "14:47:12"]
[TimeControl "180+0"]

1. Nf3 d6 2. g3 e5 3. Bg2 Nc6 4. d4 Nxd4 5. Nxd4 exd4 6. Qxd4 Qf6 7. Qa4+ c6
8. O-O Ne7 9. c4 g6 10. Nc3 Bg7 11. Bf4 Bf5 12. Rad1 O-O 13. Rxd6 Be6 14.
Rfd1 Rfc8 15. Qa5 Nf5 16. R6d2 b6 17. Qa4 c5 18. Nd5 Qd8 19. Nc7 {Black
resigns} 1-0

[Event "ICC Open 2015"]
[Site "Internet Chess Club"]
[Date "2015.05.29"]
[Round "5"]
[White "Unlikely"]
[Black "Prof-chess"]
[Result "0-1"]
[ICCResult "White resigns"]
[WhiteElo "2056"]
[BlackElo "2832"]
[Opening "Caro-Kann: classical, Flohr variation"]
[ECO "B18"]
[NIC "CK.10"]
[Time "14:47:34"]
[TimeControl "180+0"]

1. e4 c6 2. d4 d5 3. Nd2 dxe4 4. Nxe4 Bf5 5. Ng3 Bg6 6. Nh3 e6 7. Nf4 Qh4 8.
Qf3 Nd7 9. Be3 Ngf6 10. Bd3 Bb4+ 11. c3 Bd6 12. Bxg6 hxg6 13. Nfe2 e5 14.
Nf1 e4 {White resigns} 0-1

[Event "ICC Open 2015"]
[Site "Internet Chess Club"]
[Date "2015.05.29"]
[Round "5"]
[White "brauliocuarta"]
[Black "Dictator"]
[Result "0-1"]
[ICCResult "White checkmated"]
[WhiteElo "2042"]
[BlackElo "2606"]
[Opening "Grünfeld: Three knights variation"]
[ECO "D90"]
[NIC "GI.07"]
[Time "14:48:15"]
[TimeControl "180+0"]

1. d4 Nf6 2. c4 g6 3. Nc3 d5 4. Nf3 Bg7 5. h4 dxc4 6. e4 O-O 7. Bxc4 c5 8.
d5 b5 9. Bxb5 Nxe4 10. Nxe4 Qa5+ 11. Nc3 Bxc3+ 12. bxc3 Qxb5 13. h5 Qc4 14.
hxg6 fxg6 15. Qd2 Ba6 16. Rh4 Qf1# {White checkmated} 0-1

[Event "ICC Open 2015"]
[Site "Internet Chess Club"]
[Date "2015.05.29"]
[Round "5"]
[White "ForkNPin"]
[Black "BlueGoose"]
[Result "1-0"]
[ICCResult "Black checkmated"]
[WhiteElo "1608"]
[BlackElo "1828"]
[Opening "French: MacCutcheon, Janowski variation"]
[ECO "C12"]
[NIC "FR.05"]
[Time "14:48:43"]
[TimeControl "180+0"]

1. e4 e6 2. d4 d5 3. Nc3 Nf6 4. Bg5 Bb4 5. e5 h6 6. Be3 Ne4 7. Qg4 g6 8. Ne2
c5 9. dxc5 Nc6 10. Nd4 Nxe5 11. Qf4 Nc6 12. Nxc6 bxc6 13. Bd4 f6 14. Bd3 e5
15. Bxe5 fxe5 16. Qxe5+ Kd7 17. O-O Nxc3 18. Qd6+ Ke8 19. Bxg6#
{Black checkmated}
1-0

[Event "ICC Open 2015"]
[Site "Internet Chess Club"]
[Date "2015.05.29"]
[Round "5"]
[White "a-man"]
[Black "BFavre"]
[Result "0-1"]
[ICCResult "White checkmated"]
[WhiteElo "1478"]
[BlackElo "1714"]
[Opening "Sicilian: Labourdonnais-Löwenthal variation"]
[ECO "B32"]
[NIC "SI.32"]
[Time "14:47:51"]
[TimeControl "180+0"]

1. e4 c5 2. Nf3 Nc6 3. d4 cxd4 4. Nxd4 e5 5. Nf3 Nf6 6. Nc3 Bb4 7. Bc4 O-O
8. O-O Bxc3 9. bxc3 Nxe4 10. Qd3 Nf6 11. Re1 e4 12. Qe3 exf3 13. Qxf3 d5 14.
Rd1 Bg4 15. Qd3 Bxd1 16. Qxd1 dxc4 17. Qe2 Re8 18. Qf1 Qe7 19. Bb2 Qe2 20.
Qc1 Ng4 21. Qe3 Nxe3 22. fxe3 Qxe3+ 23. Kf1 Re6 24. Ba3 Rf6# {White
checkmated} 0-1

[Event "ICC Open 2015"]
[Site "Internet Chess Club"]
[Date "2015.05.29"]
[Round "5"]
[White "Sebs"]
[Black "Vladimirovich"]
[Result "0-1"]
[ICCResult "White resigns"]
[WhiteElo "2925"]
[BlackElo "3290"]
[Opening "QGD Slav: 4.Nc3"]
[ECO "D15"]
[NIC "SL.03"]
[Time "14:48:39"]
[TimeControl "180+0"]

1. d4 d5 2. c4 c6 3. Nf3 Nf6 4. Nc3 a6 5. cxd5 cxd5 6. Bf4 Nc6 7. Rc1 Bf5 8.
e3 e6 9. Be2 Nd7 10. O-O Be7 11. Nd2 O-O 12. a3 Rc8 13. b4 b5 14. Nb3 Nb6
15. Nc5 Bxc5 16. dxc5 Nc4 17. Bxc4 bxc4 18. e4 dxe4 19. Bd6 Re8 20. Qe2 Nd4
21. Qxc4 Qxd6 {White resigns} 0-1

[Event "ICC Open 2015"]
[Site "Internet Chess Club"]
[Date "2015.05.29"]
[Round "5"]
[White "Palenque"]
[Black "The7thGuest"]
[Result "0-1"]
[ICCResult "White resigns"]
[WhiteElo "1681"]
[BlackElo "2055"]
[Opening "Sicilian: closed"]
[ECO "B23"]
[NIC "SI.44"]
[Time "14:47:37"]
[TimeControl "180+0"]

1. e4 c5 2. Nc3 e6 3. g3 a6 4. Bg2 Nc6 5. Nge2 b5 6. O-O b4 7. Nb1 Bb7 8. d4
cxd4 9. Nxd4 Nf6 10. h3 d6 11. Nxc6 Bxc6 12. Nd2 Be7 13. Kh2 O-O 14. f4 d5
15. e5 Ne4 16. Nxe4 dxe4 17. Qg4 Qd4 18. f5 Qxe5 19. f6 Bxf6 20. Bf4 Qf5 21.
Qe2 Bb5 22. Qxe4 Bxf1 23. Qxa8 Rxa8 24. Bxa8 Qxc2+ {White resigns} 0-1

[Event "ICC Open 2015"]
[Site "Internet Chess Club"]
[Date "2015.05.29"]
[Round "5"]
[White "Red-white"]
[Black "Baltimora"]
[Result "1-0"]
[ICCResult "Black resigns"]
[WhiteElo "3277"]
[BlackElo "2355"]
[Opening "Queen's Indian: old main line, 6.O-O"]
[ECO "E17"]
[NIC "QP.11"]
[Time "14:48:15"]
[TimeControl "180+0"]

1. Nf3 Nf6 2. g3 b6 3. Bg2 Bb7 4. O-O e6 5. d4 Be7 6. c4 O-O 7. Re1 Na6 8.
Nc3 d5 9. cxd5 Nxd5 10. e4 Nxc3 11. bxc3 c5 12. Bf4 Rc8 13. d5 exd5 14. exd5
Bf6 15. Ne5 Bxe5 16. Bxe5 c4 17. Qd4 f6 18. Bf4 Qd7 19. Re2 Rfe8 20. Rae1
Rxe2 21. Rxe2 Rd8 22. Qxc4 Nc5 23. d6+ Kh8 24. Re7 Qf5 25. Bxb7 {Black
resigns} 1-0

[Event "ICC Open 2015"]
[Site "Internet Chess Club"]
[Date "2015.05.29"]
[Round "5"]
[White "Cinzento"]
[Black "Tyrel"]
[Result "0-1"]
[ICCResult "White resigns"]
[WhiteElo "1716"]
[BlackElo "2069"]
[Opening "King's pawn opening"]
[ECO "B07"]
[NIC "VO.17"]
[Time "14:48:59"]
[TimeControl "180+0"]

1. e4 d6 2. f4 Nf6 3. Nc3 e5 4. Nf3 Nbd7 5. Bc4 Be7 6. f5 c6 7. d4 exd4 8.
Qxd4 O-O 9. Bf4 b5 10. Bd3 d5 11. exd5 Bc5 {White resigns} 0-1

[Event "ICC Open 2015"]
[Site "Internet Chess Club"]
[Date "2015.05.29"]
[Round "5"]
[White "Sc6"]
[Black "Huemul"]
[Result "1-0"]
[ICCResult "Black checkmated"]
[WhiteElo "1751"]
[BlackElo "1336"]
[Opening "French defense"]
[ECO "C01"]
[NIC "FR.01"]
[Time "14:47:12"]
[TimeControl "180+0"]

1. e4 e6 2. d4 c6 3. Nc3 Be7 4. d5 e5 5. Nf3 d6 6. Bc4 c5 7. O-O Bg4 8. h3
Bh5 9. Be2 Nf6 10. Re1 O-O 11. a3 Nbd7 12. b4 Bg6 13. Bd3 a6 14. Bb2 b5 15.
Bf1 c4 16. a4 Nb6 17. axb5 axb5 18. Nxb5 Rxa1 19. Qxa1 Nxe4 20. Qa6 Nxd5 21.
Bxc4 Nxb4 22. Qa7 Nxc2 23. Rd1 Nd4 24. Nfxd4 exd4 25. Bxd4 Bf6 26. Be3 Bh5
27. g4 Bg6 28. Nc7 h5 29. Nd5 hxg4 30. hxg4 Be5 31. Ne7+ Kh7 32. Kg2 Bf6 33.
Rh1+ Bh5 34. Rxh5# {Black checkmated} 1-0

[Event "ICC Open 2015"]
[Site "Internet Chess Club"]
[Date "2015.05.29"]
[Round "5"]
[White "Discoverchess"]
[Black "Giantvin"]
[Result "1-0"]
[ICCResult "Black resigns"]
[WhiteElo "2457"]
[BlackElo "1952"]
[Opening "English: Caro-Kann defensive system"]
[ECO "A11"]
[NIC "RE.06"]
[Time "14:47:36"]
[TimeControl "180+0"]

1. c4 c6 2. g3 d5 3. Bg2 Nf6 4. Nf3 Bf5 5. O-O e6 6. d3 Nbd7 7. Nc3 Be7 8.
cxd5 exd5 9. e4 dxe4 10. dxe4 Nxe4 11. Nd4 Nxc3 12. bxc3 Bg6 13. Re1 O-O 14.
Bxc6 Nc5 15. Bxb7 Bf6 16. Bxa8 Qxa8 17. Ba3 Qd5 18. Nb3 Qxd1 19. Raxd1 Nxb3
20. Bxf8 {Black resigns} 1-0

[Event "ICC Open 2015"]
[Site "Internet Chess Club"]
[Date "2015.05.29"]
[Round "5"]
[White "TedBelanoff"]
[Black "gonesailing"]
[Result "1-0"]
[ICCResult "Black resigns"]
[WhiteElo "1966"]
[BlackElo "1454"]
[Opening "Latvian: Fraser defense"]
[ECO "C40"]
[NIC "KP.09"]
[Time "14:48:50"]
[TimeControl "180+0"]

1. e4 e5 2. Nf3 f5 3. Nxe5 Nc6 4. Nxc6 dxc6 5. exf5 Bxf5 6. d4 Nf6 7. Bd3
Bg4 8. f3 Bh5 9. c3 Bd6 10. Qb3 Qe7+ 11. Kd1 O-O-O 12. Re1 Qd7 13. g4 Bg6
14. Bc4 Bxh2 15. Be6 Rhe8 16. Bxd7+ Kxd7 17. Rxe8 Rxe8 18. Bg5 Bg3 19. Bxf6
Re1+ 20. Kd2 gxf6 21. Qg8 Rf1 22. Qg7+ Kd8 23. Qxf6+ Kd7 24. d5 cxd5 25.
Qg7+ Kd6 26. Qf8+ Kd7 27. Qg7+ Kd6 28. Qf6+ Kd7 29. c4 Bf4+ 30. Qxf4 Rf2+
31. Ke3 Rxb2 32. Nc3 Rc2 33. Nxd5 Rc1 {Black resigns} 1-0

[Event "ICC Open 2015"]
[Site "Internet Chess Club"]
[Date "2015.05.29"]
[Round "5"]
[White "Pigs"]
[Black "Chisel"]
[Result "1-0"]
[ICCResult "Black resigns"]
[WhiteElo "1963"]
[BlackElo "1703"]
[Opening "Scotch gambit: Benima defense"]
[ECO "C44"]
[NIC "SO.06"]
[Time "14:49:05"]
[TimeControl "180+0"]

1. e4 e5 2. Nf3 Nc6 3. d4 exd4 4. Bc4 Be7 5. c3 d6 6. cxd4 Nf6 7. Nc3 O-O 8.
O-O Nxe4 9. Nxe4 d5 10. Bd3 dxe4 11. Bxe4 Bf6 12. d5 Ne5 13. Nxe5 Bxe5 14.
Qh5 f5 15. Bc2 g6 16. Qe2 Bg7 17. Bf4 Kh8 18. Bb3 Bd7 19. Rac1 c6 20. d6 Qf6
21. Qe7 Rad8 22. Bg5 Qxb2 23. Rc2 Qe5 24. Qxe5 Bxe5 25. Bxd8 Rxd8 26. Re1
Bf6 27. Be6 Kg7 28. g3 b6 29. Bxd7 Rxd7 30. Rxc6 Kf7 31. Rc7 {Black resigns}
1-0

[Event "ICC Open 2015"]
[Site "Internet Chess Club"]
[Date "2015.05.29"]
[Round "5"]
[White "Mardaker"]
[Black "hAutAjArvi"]
[Result "1-0"]
[ICCResult "Black resigns"]
[WhiteElo "2744"]
[BlackElo "2032"]
[Opening "Réti opening"]
[ECO "A05"]
[NIC "QP.11"]
[Time "14:48:57"]
[TimeControl "180+0"]

1. Nf3 Nf6 2. g3 d5 3. Bg2 Bf5 4. O-O e6 5. Nh4 Nbd7 6. Nxf5 exf5 7. c4 c6
8. cxd5 cxd5 9. Nc3 Nb6 10. d4 g6 11. Bg5 Be7 12. Bxf6 Bxf6 13. e3 O-O 14.
Qb3 Rc8 15. Nxd5 Nxd5 16. Bxd5 b6 17. Rac1 Qd7 18. Rc3 Kg7 19. Rfc1 Rxc3 20.
Rxc3 Rd8 21. Bc6 Qd6 22. Bf3 h5 23. Kg2 h4 24. Qa3 Qe7 25. Qxe7 Bxe7 26. Rc7
Re8 27. Bc6 Bd8 28. Rxa7 Re6 29. Bd5 Rd6 30. Rxf7+ Kh6 31. Bb3 hxg3 32. hxg3
b5 33. f4 Rc6 34. Kf3 Rc1 35. Rd7 Ba5 36. Bg8 g5 37. Rd6+ Kg7 38. Be6 g4+
39. Ke2 Rc2+ 40. Kd1 Rxb2 41. Bxf5 Rxa2 42. Bxg4 Bc3 43. Be6 b4 44. Bxa2
{Black resigns}
1-0

[Event "ICC Open 2015"]
[Site "Internet Chess Club"]
[Date "2015.05.29"]
[Round "5"]
[White "CapilanoBridge"]
[Black "cheston99"]
[Result "1-0"]
[ICCResult "Black resigns"]
[WhiteElo "3179"]
[BlackElo "2267"]
[Opening "Nimzovich-Larsen attack: Indian variation"]
[ECO "A01"]
[NIC "VO.08"]
[Time "14:47:29"]
[TimeControl "180+0"]

1. b3 Nf6 2. Bb2 e6 3. e3 Be7 4. Nf3 O-O 5. d4 b6 6. Nbd2 Bb7 7. Bd3 c5 8.
c4 cxd4 9. Nxd4 d5 10. O-O Nbd7 11. Qb1 dxc4 12. Nxc4 Nc5 13. Bc2 Qd5 14. f3
Qg5 15. e4 Rfd8 16. Qe1 e5 17. Nf5 Bf8 18. Nxe5 Nh5 19. Bc1 Qf6 20. Bb2 Qg5
21. h4 Qd2 22. Rf2 Qxe1+ 23. Rxe1 Nf4 24. Bd4 Nce6 25. Be3 f6 26. Ng4 h5 27.
Nh2 Nd3 28. Bxd3 Rxd3 29. Nf1 Bc5 30. Bxc5 Nxc5 31. Rd2 Rad8 32. Red1 Rxd2
33. Rxd2 Nd3 34. N1e3 Ba6 35. Nd5 Kf7 36. Rc2 Rd7 37. b4 g6 38. Nfe3 Bb7 39.
a3 Bxd5 40. Nxd5 f5 41. Rc6 fxe4 42. fxe4 Nb2 43. Nf4 Rd1+ 44. Kh2 Re1 45.
Nh3 Rxe4 46. Ng5+ {Black resigns} 1-0

[Event "ICC Open 2015"]
[Site "Internet Chess Club"]
[Date "2015.05.29"]
[Round "5"]
[White "MassCarnage"]
[Black "jonpetur"]
[Result "1-0"]
[ICCResult "Black resigns"]
[WhiteElo "2018"]
[BlackElo "1535"]
[Opening "Owen defense"]
[ECO "B00"]
[NIC "VO.01"]
[Time "14:47:52"]
[TimeControl "180+0"]

1. e4 b6 2. d4 g6 3. Nc3 Bg7 4. Nf3 e6 5. Bc4 Bb7 6. Be3 d6 7. Qd2 Ne7 8.
O-O-O Qd7 9. Bb3 Nbc6 10. Kb1 Na5 11. Ba4 c6 12. d5 b5 13. dxc6 Bxc6 14. Bb3
Nxb3 15. axb3 d5 16. exd5 exd5 17. Bd4 O-O 18. Bxg7 Kxg7 19. Ne5 Qd6 20. Qd4
Nf5 21. Qf4 Rae8 22. Rhe1 d4 23. g4 Qc5 24. gxf5 dxc3 25. f6+ Kh8 26. Qh6
{Black resigns}
1-0

[Event "ICC Open 2015"]
[Site "Internet Chess Club"]
[Date "2015.05.29"]
[Round "5"]
[White "BornReti"]
[Black "wolwerine"]
[Result "1-0"]
[ICCResult "Black resigns"]
[WhiteElo "1795"]
[BlackElo "2164"]
[Opening "English opening"]
[ECO "A05"]
[NIC "RE.03"]
[Time "14:48:03"]
[TimeControl "180+0"]

1. Nf3 Nf6 2. c4 c6 3. g3 d5 4. b3 g6 5. Bg2 Bg7 6. Bb2 O-O 7. O-O Nbd7 8.
d4 e6 9. Nc3 b6 10. Rc1 Ba6 11. cxd5 exd5 12. Re1 Re8 13. Nd2 Rc8 14. e4
dxe4 15. Ndxe4 Nxe4 16. Nxe4 Nf8 17. Ba3 Rc7 18. Nd6 Rxe1+ 19. Qxe1 Rd7 20.
Rxc6 Bb7 21. Nxb7 Rxb7 22. Rxg6 hxg6 23. Bxb7 Qxd4 24. Qe8 Qa1+ 25. Kg2 Qxa2
26. Bxf8 Bxf8 27. Bd5 Qa3 28. Qxf7+ {Black resigns} 1-0

[Event "ICC Open 2015"]
[Site "Internet Chess Club"]
[Date "2015.05.29"]
[Round "5"]
[White "playformaximum"]
[Black "erwinromel"]
[Result "1-0"]
[ICCResult "Black resigns"]
[WhiteElo "3012"]
[BlackElo "2069"]
[Opening "QGD Slav defense: exchange variation"]
[ECO "D10"]
[NIC "SL.01"]
[Time "14:49:04"]
[TimeControl "180+0"]

1. d4 c6 2. c4 d5 3. cxd5 cxd5 4. Bf4 e6 5. e3 Bd6 6. Bxd6 Qxd6 7. Nc3 Nc6
8. f4 a6 9. Bd3 Nf6 10. Nf3 b5 11. O-O Nb4 12. Bb1 Bb7 13. a4 bxa4 14. Nxa4
O-O 15. Nc5 Bc8 16. Ne5 Nc6 17. Bd3 a5 18. Rf3 Nb4 19. Bb1 g6 20. Rh3 Nd7
21. Ncxd7 Bxd7 22. Qg4 Rfc8 23. Qh4 h5 24. Bxg6 fxg6 25. Nxg6 Be8 26. Qxh5
{Black resigns}
1-0

[Event "ICC Open 2015"]
[Site "Internet Chess Club"]
[Date "2015.05.29"]
[Round "5"]
[White "Cramagica"]
[Black "olakenn"]
[Result "0-1"]
[ICCResult "White checkmated"]
[WhiteElo "1232"]
[BlackElo "1629"]
[Opening "English: Sicilian reversed"]
[ECO "A25"]
[NIC "EO.20"]
[Time "14:47:58"]
[TimeControl "180+0"]

1. c4 e5 2. Nc3 Nc6 3. g3 Bc5 4. Bg2 d6 5. Nf3 Bf5 6. e4 Bg4 7. O-O Nf6 8.
h3 Bd7 9. d3 Qe7 10. Nd5 Nxd5 11. cxd5 Nd4 12. Nxd4 Bxd4 13. Rb1 O-O 14. Kh1
f5 15. Be3 f4 16. Bxd4 exd4 17. gxf4 Rxf4 18. Qe2 Raf8 19. Rbc1 Qh4 20. Kg1
Bxh3 21. Bxh3 Qxh3 22. f3 R8f6 23. Rf2 Rg6+ 24. Rg2 Rh4 25. Rxc7 Qh1+ 26.
Kf2 Rxg2# {White checkmated} 0-1

[Event "ICC Open 2015"]
[Site "Internet Chess Club"]
[Date "2015.05.29"]
[Round "5"]
[White "jyd34"]
[Black "TudoracheM"]
[Result "0-1"]
[ICCResult "White resigns"]
[WhiteElo "1530"]
[BlackElo "1860"]
[Opening "Sicilian: Pelikan (Lasker/Sveshnikov) variation"]
[ECO "B33"]
[NIC "SI.35"]
[Time "14:48:13"]
[TimeControl "180+0"]

1. e4 c5 2. Nf3 Nc6 3. d4 cxd4 4. Nxd4 Nf6 5. Nc3 e5 6. Nb3 Bb4 7. f3 Nxe4
8. fxe4 Qh4+ 9. Ke2 Bxc3 10. bxc3 Qxe4+ 11. Be3 d5 12. Qd3 Qg4+ 13. Kd2 Bf5
14. Qe2 Qg6 15. Kc1 O-O 16. Kb2 Rfe8 17. Rc1 d4 18. Bd2 a5 19. Qc4 Rac8 20.
Nc5 b6 21. Bd3 bxc5 22. Bxf5 Qxf5 23. Rcf1 Qe6 24. Qxc5 dxc3+ 25. Bxc3 Nd4
26. Qxa5 Qc4 27. Rd1 Rb8+ 28. Kc1 Rec8 29. Qxe5 Ne2+ 30. Kd2 Nxc3 31. Rdf1
Rd8+ {White resigns} 0-1